 Dungeon Crawl Stone Soup version 0.28-a0-500-g121bc3e445 (webtiles) character file.

Game seed: 710328943980620924

42 SkeletonJelly the Chopper (level 3, 0/33 HPs)
             Began as a Hill Orc Monk on Sept 20, 2021.
             Was a Believer of Fedhas.
             Succumbed to an adder's poison
             ... on level 2 of the Dungeon.
             The game lasted 00:02:25 (1397 turns).

SkeletonJelly the Chopper (Hill Orc Monk)           Turns: 1397, Time: 00:02:25

Health: 0/33       AC:  6    Str: 14    XL:     3   Next: 56%
Magic:  3/3        EV:  9    Int: 10    God:    Fedhas [**....]
Gold:   62         SH:  0    Dex: 13    Spells: 2/2 levels left

rFire   . . .      SeeInvis .   a - +0 hand axe
rCold   . . .      Faith    .   (no shield)
rNeg    . . .      Spirit   .   d - +0 scale mail
rPois   .          Reflect  .   (no helmet)
rElec   .          Harm     .   (no cloak)
rCorr   .          Rampage  .   (no gloves)
Will    .....                   (no boots)
Stlth   ..........              (no amulet)
HPRegen 0.11/turn               (no ring)
MPRegen 0.08/turn               (no ring)

@: lethally poisoned (0 -> -11)
A: no striking features
a: Renounce Religion, Wall of Briars


You were on level 2 of the Dungeon.
You worshipped Fedhas.
Fedhas was pleased with you.
You visited 1 branch of the dungeon, and saw 2 of its levels.

You collected 62 gold pieces.

Inventory:

Hand Weapons
 a - a +0 hand axe (weapon)
 i - a +2 short sword of venom
Armour
 b - a +0 robe
 d - a +0 scale mail (worn)
Scrolls
 c - a scroll of amnesia {unknown}
 e - a scroll of summoning {unknown}
 f - a scroll of vulnerability {unknown}
 h - a scroll of identify {unknown}
 k - a scroll of fear {unknown}
Potions
 g - a potion of curing {unknown}
 j - a potion of flight {unknown}


   Skills:
 + Level 4.1 Fighting
 * Level 5.1 Axes
 + Level 1.4 Armour
 - Level 2.4 Dodging
 - Level 1.5 Stealth


You had 2 spell levels left.
You didn't know any spells.
Your spell library contained the following spells:

 Spells                   Type           Power      Damage    Failure   Level
 Conjure Flame            Conj/Fire      0%         6-21      99%         3
 Ignite Poison            Fire/Tmut/Pois 0%         N/A       99%         3
 Sticky Flame             Conj/Fire      0%         2d3       100%        4


Dungeon Overview and Level Annotations

Branches:
Dungeon (2/15)

Altars:
Fedhas


Message History

The goblin is heavily wounded.
The goblin barely misses you.
You hit the goblin.
You kill the goblin!
Fedhas appreciates your contribution to the ecosystem.
No target in view!
No target in view!
No target in view!
No target in view!
You now have 62 gold pieces (gained 12).
Things that are here:
a +0 club; a goblin corpse An adder comes into view.
The adder hisses angrily.
An adder is nearby!
An adder is nearby!
The adder bites you.
You take 3 damage, and have 30/33 hp.
You hit the adder but do no damage. The adder barely misses you.
The adder bites you but does no damage.
You barely miss the adder. The adder bites you but does no damage.
You hit the adder.
The adder is moderately wounded.
The adder bites you but does no damage.
You miss the adder.
The adder is moderately wounded.
The adder closely misses you. The adder bites you.
You are poisoned.
The adder poisons you!
You take 3 damage, and have 27/33 hp.
You completely miss the adder.
The adder is moderately wounded.
You feel sick. The adder bites you.
You are more poisoned.
The adder poisons you!
You take 5 damage, and have 22/33 hp.
You barely miss the adder.
The adder is moderately wounded.
You feel sick. The adder closely misses you.
The adder bites you but does no damage.
You take 2 damage, and have 20/33 hp.
You hit the adder.
The adder is severely wounded.
You feel sick. The adder bites you but does no damage.
You take 2 damage, and have 18/33 hp.
You closely miss the adder.
The adder is severely wounded.
You feel sick. The adder closely misses you.
You take 2 damage, and have 16/33 hp.
You are too injured to fight recklessly!
You are too injured to fight recklessly!
You are too injured to fight recklessly!
You are too injured to fight recklessly!
You barely miss the adder.
The adder is severely wounded.
You feel sick. The adder bites you but does no damage.
The adder barely misses you.
You take 1 damage, and have 15/33 hp.
You slash the adder!
You kill the adder!
Fedhas appreciates your contribution to the ecosystem.
You feel sick.
Your Axes skill increases to level 5!
You take 1 damage, and have 14/33 hp.
You feel sick.
You see here an adder corpse.
You take 1 damage, and have 13/33 hp.
An adder comes into view.
Found 6 gold pieces.
You feel sick.
The adder hisses angrily.
You take 1 damage, and have 12/33 hp.
A goblin comes into view. It is wielding a +0 dagger.
You feel sick.
You are no longer poisoned.
The goblin shouts!
You see here an adder corpse.
The adder bites you.
You take 1 damage, and have 12/33 hp.
You miss the adder. The adder bites you.
* * * LOW HITPOINT WARNING * * *
You take 4 damage, and have 8/33 hp.
You hit the adder.
The adder is moderately wounded.
The adder bites you.
* * * LOW HITPOINT WARNING * * *
You are lethally poisoned!
The adder poisons you! The adder bites you.
* * * LOW HITPOINT WARNING * * *
You are more poisoned.
The adder poisons you!
You closely miss the adder.
The adder is moderately wounded.
* * * LOW HITPOINT WARNING * * *
You feel very sick. The adder barely misses you.
You take 6 damage, and have 2/33 hp.
You miss the adder.
The adder is moderately wounded.
You die...
Fedhas appreciates your contribution to the ecosystem.

.................
................
..............#
#+#.......##...#
#.#.......##...# #.
#<.....##...#
#.##...........###
...÷........#....#
#........##).#.#@#
.......#.#...#.#S#
##.....#.#...#.#.#
.........#...#.#g#
.........#...#.#.####
.........#...#.#....#
....[....#...#.####.######
........>..#.............#
.#.####†####.#


You could see an adder and a goblin.

Vanquished Creatures
  2 adders (D:2)
  4 bats (D:1)
  2 endoplasms (D:2)
  4 giant cockroaches (D:1)
  A goblin (D:2)
  A hobgoblin (D:2)
  A quokka (D:2)
  A frilled lizard (D:1)
  5 kobolds
  A rat (D:1)
22 creatures vanquished.

Notes
Turn   | Place    | Note
-------+----------+-------------------------------------------
     0 | D:1      | SkeletonJelly the Hill Orc Monk began the quest for the
                  | Orb.
     0 | D:1      | Reached XP level 1. HP: 19/19 MP: 1/1
   165 | D:1      | Reached XP level 2. HP: 24/27 MP: 2/2
   219 | D:1      | You fall into a shaft and drop 1 floor!
   562 | D:1      | Reached skill level 1 in Armour
   579 | D:1      | HP: 1/27 [poisoned by a kobold]
   963 | D:1      | Noticed a floating eye
   971 | D:1      | Found a faded altar of an unknown god.
   973 | D:1      | Noticed a floating eye
   982 | D:1      | Noticed a golden eye
   982 | D:1      | Noticed a great orb of eyes
   988 | D:1      | Became a worshipper of Fedhas Madash
   988 | D:1      | Reached * piety under Fedhas
   988 | D:1      | Reached ** piety under Fedhas
  1104 | D:2      | Reached XP level 3. HP: 10/33 MP: 3/3
  1380 | D:2      | Reached skill level 5 in Axes
  1397 | D:2      | Succumbed to an adder's poison

Illustrated notes

Levels and vault maps discovered:
D:1:      shiori_shiawase, layout_rooms, hellmonk_ecumenical_altar_watching_god
D:2:      layout_basic

Skill      XL: |  1  2  3 |
---------------+----------+-----
Armour         | 1 |  1.4
Fighting       | 4 |  4.1
Axes           | 5 |  5.1
Dodging        | |  2.4
Stealth        | |  1.5

Action                   || total
-------------------------++-------
Melee: Hand axe          ||    96
 Stab: Sleeping          ||     1
Armor: Robe              ||     5
       Scale mail        ||    40
Dodge: Dodged            ||    67

Table legend: (Time is in decaauts)
 A = Elapsed time spent in this place.
 B = Non-inter-level travel time spent in this place.
 C = Inter-level travel time spent in this place.
 D = Time resting spent in this place.
 E = Time spent auto-exploring this place.
 F = Levels seen in this place.
 G = Mean time per level.
                   A        B        C        D        E       F      G
               +--------+--------+--------+--------+--------+-----+--------+
         Total |   1406 |   1387 |     19 |      0 |   1127 |   2 |  703.0 |
       Dungeon |   1406 |   1387 |     19 |      0 |   1127 |   2 |  703.0 |
               +--------+--------+--------+--------+--------+-----+--------+

Top non-repeatable levels by time:
     D:1: 1059 daAuts
     D:2: 346 daAuts
